 Dungeon Crawl Stone Soup version 0.19.1-1-g22dce08 (webtiles) character file.

212 theAP the Skirmisher (level 5, -1/47 HPs)
             Began as a Hill Orc Fighter on Jan 14, 2017.
             Was an Initiate of Beogh.
             Slain by a hound (5 damage)
             ... on level 4 of the Dungeon.
             The game lasted 00:05:05 (2489 turns).

theAP the Skirmisher (Hill Orc Fighter)             Turns: 2489, Time: 00:05:07

Health: -1/47      AC:  6    Str: 25    XL:     5   Next: 89%
Magic:  5/5        EV:  8    Int:  8    God:    Beogh [......]
Gold:   158        SH:  9    Dex: 10    Spells: 0 memorised, 4 levels left

rFire  . . .     SeeInvis .     a - +1 long sword
rCold  . . .     Gourm    .     b - +0 scale mail
rNeg   . . .     Faith    .     c - +0 shield
rPois  +         Spirit   .     (no helmet)
rElec  .         Reflect  .     (no cloak)
rCorr  .         Harm     .     (no gloves)
MR     .....                    (no boots)
Stlth  ..........               (no amulet)
                                l - ring of wizardry
                                j - ring of poison resistance

@: mighty
A: no striking features
a: Renounce Religion


You were on level 4 of the Dungeon.
You worshipped Beogh.
Beogh was noncommittal.
You were very hungry.

You visited 1 branch of the dungeon, and saw 4 of its levels.

You collected 158 gold pieces.

Inventory:

Hand Weapons
 a - a +1 long sword (weapon)
Armour
 b - a +0 scale mail (worn)
 c - a +0 shield (worn)
Jewellery
 j - a ring of poison resistance (left hand)
 k - an uncursed ring of resist corrosion
 l - a ring of wizardry (right hand)
Scrolls
 q - 4 scrolls of teleportation {unknown}
 s - a scroll of random uselessness {unknown}
Potions
 e - a potion of degeneration {unknown}
 h - 2 potions of agility
 i - 2 potions of heal wounds {unknown}
 n - a potion of berserk rage {unknown}
 o - a potion of cancellation {unknown}
 p - 2 potions of curing {unknown}
 r - a potion of resistance {unknown}
Comestibles
 f - 4 bread rations
 g - 5 meat rations
 m - 8 fruits


   Skills:
 + Level 4.6 Fighting
 * Level 4.5 Long Blades
 - Level 3.6 Armour
 + Level 2.2 Dodging
 - Level 3.3 Shields


You had 4 spell levels left.
You didn't know any spells.

Dungeon Overview and Level Annotations

Branches:
Dungeon (4/15)
 Temple: D:4-7

Altars:


Message History

You block the hound's attack. The worker ant bites you.
* * * LOW HITPOINT WARNING * * *
You block the hound's attack.
You slash the worker ant!
The worker ant is severely wounded.
The hound bites you.
* * * LOW HITPOINT WARNING * * *
You block the worker ant's attack. You block the hound's attack.
You hit the worker ant.
The worker ant is almost dead.
The worker ant bites you but does no damage.
The hound bites you but does no damage. You block the worker ant's attack.
The hound bites you but does no damage.
You hit the worker ant.
You kill the worker ant!
Beogh accepts your kill. The hound bites you.
* * * LOW HITPOINT WARNING * * *
The hound bites you.
You die...

.. #.############ #.
#... ........ .. #. #..
...... .# #. #.# ##.#.#
..##
#.##.####....###..... .
#.#..........#...##.#
...#.#..........%..##...
................)h.#.##
...###..........@..#.o[
. ...............).#.##
####......<....#.##...
#...........#..##.#
#######...##.#.....
##### .#.... .# ###. .#


You could see a hound.

Vanquished Creatures
  A worker ant (D:4)
  3 gnolls (D:2)
  8 adders
  An ooze (D:2)
  An adder skeleton (D:4)
  2 worms
  2 dart slugs
  A leopard gecko (D:3)
  6 orcs
  8 bats
  2 giant cockroaches
  9 hobgoblins
  A jackal (D:4)
  A quokka (D:3)
  3 frilled lizards
  6 goblins
  4 kobolds
  11 rats
70 creatures vanquished.

Notes
Turn   | Place    | Note
-------+----------+-------------------------------------------
     0 | D:1      | theAP the Hill Orc Fighter began the quest for the Orb.
     0 | D:1      | Reached XP level 1. HP: 19/19 MP: 1/1
   223 | D:1      | Reached XP level 2. HP: 24/27 MP: 2/2
   809 | D:2      | Reached XP level 3. HP: 30/33 MP: 3/3
   942 | D:2      | Reached skill level 1 in Dodging
  1020 | D:2      | Reached XP level 4. HP: 6/40 MP: 4/4
  2017 | D:3      | Became a worshipper of Beogh the Brigand
  2055 | D:3      | Reached XP level 5. HP: 30/46 MP: 5/5
  2489 | D:4      | Slain by a hound

Skill      XL: |  1  2  3  4  5 |
---------------+----------------+-----
Dodging        | 1 2 |  2.2
Long Blades    | 3 4 |  4.5
Fighting       | 4 |  4.6
Armour         | |  3.6
Shields        | |  3.3

Action                   |  1- 3 |  4- 6 || total
-------------------------+-------+-------++-------
Melee: Long sword        |    96 |   159 ||   255
Invok: Convert to Beogh  |       |     1 ||     1
  Use: Scroll            |       |     6 ||     6
       Potion            |       |     1 ||     1
  Eat: Chunk             |       |     3 ||     3
       Beef jerky        |       |     1 ||     1
Armor: Scale mail        |    50 |    84 ||   134
Dodge: Dodged            |    26 |    66 ||    92
Block: Shield            |    53 |   107 ||   160
       Rpst.: Long sword |     7 |    19 ||    26
